[Event "Hungarian Youth-ch I 2024"]
[Site "Szolnok"]
[Date "2024.04.04"]
[Round "6.13"]
[White "Sallai, Marton"]
[Black "Sinoros-Szabo, Daniel"]
[Result "0-1"]
[ECO "A49"]
[WhiteElo "1828"]
[BlackElo "1971"]
[Annotator "RC"]
[PlyCount "48"]
[EventDate "2024.03.31"]
[EventType "swiss"]
[EventCountry "HUN"]
[SourceTitle "playchess.com"]
[Source "ChessBase"]
[SourceQuality "1"]
[TimeControl "5400+30"]

1. d4 Nf6 2. Nf3 g6 3. g3 Bg7 4. Bg2 O-O 5. O-O d6 6. b3 e5 7. dxe5 Nfd7 8. Bb2 Nc6 9. c4 dxe5 10. Nc3 Re8 11. e3 f5 12. Qc1 e4 13. Ne1 Nce5 14. Qc2 c6 15. Rd1 Qe7 16. h3 h5 17. Nxe4 fxe4 18. Bxe4 Nf8 19. Bxe5 Qxe5 20. Bxg6 Nxg6 21. Qxg6 Bxh3 22. Nd3 Qf6 23. Qxf6 Bxf6 24. Rfe1 Bc3 0-1

[Event "Hungarian Youth-ch I 2024"]
[Site "Szolnok"]
[Date "2024.04.04"]
[Round "6.14"]
[White "Horvath, Andras"]
[Black "Jokai, Bence"]
[Result "1/2-1/2"]
[ECO "B76"]
[WhiteElo "2260"]
[BlackElo "1750"]
[Annotator "RC"]
[PlyCount "62"]
[EventDate "2024.03.31"]
[EventType "swiss"]
[EventCountry "HUN"]
[SourceTitle "playchess.com"]
[Source "ChessBase"]
[SourceQuality "1"]
[TimeControl "5400+30"]

1. e4 c5 2. Nf3 d6 3. d4 cxd4 4. Nxd4 Nf6 5. Nc3 g6 6. Be3 Bg7 7. f3 O-O 8. Qd2 Nc6 9. O-O-O d5 10. Kb1 Nxd4 11. e5 Nxf3 12. gxf3 Nh5 13. Nxd5 Be6 14. f4 Bxd5 15. Qxd5 Qxd5 16. Rxd5 Rad8 17. Bc4 e6 18. Rxd8 Rxd8 19. Be2 f6 20. Bxh5 gxh5 21. exf6 Bxf6 22. Bxa7 Kf7 23. Be3 Kg6 24. a4 Kf5 25. a5 Rd5 26. c3 Ke4 27. Re1 Kf3 28. Bb6 Rd6 29. Kc2 Kg2 30. Re2+ Kf3 31. Re1 Kg2 1/2-1/2

[Event "Hungarian Youth-ch I 2024"]
[Site "Szolnok"]
[Date "2024.04.04"]
[Round "6.15"]
[White "Hangay, Oliver"]
[Black "Meszaros-Csonka, David"]
[Result "1-0"]
[ECO "B33"]
[WhiteElo "1962"]
[BlackElo "1941"]
[Annotator "RC"]
[PlyCount "163"]
[EventDate "2024.03.31"]
[EventType "swiss"]
[EventCountry "HUN"]
[SourceTitle "playchess.com"]
[Source "ChessBase"]
[SourceQuality "1"]
[TimeControl "5400+30"]

1. e4 c5 2. Nf3 Nc6 3. d4 cxd4 4. Nxd4 Nf6 5. Nc3 e6 6. Ndb5 d6 7. Bf4 e5 8. Bg5 a6 9. Na3 b5 10. Nd5 Be7 11. Bxf6 Bxf6 12. c3 O-O 13. Nc2 Rb8 14. h4 g6 15. g3 Bg7 16. h5 Ne7 17. Nce3 Nxd5 18. Nxd5 Bb7 19. Bg2 Bf6 20. Qd3 Bg5 21. Rd1 a5 22. Kf1 Qc8 23. Ne3 Rd8 24. hxg6 hxg6 25. Bf3 Ba6 26. Kg2 b4 27. Qd5 Rb5 28. Rh8+ Kxh8 29. Qxf7 Bh4 30. Rh1 g5 31. Nf5 Rb7 32. Ne7 Rxe7 33. Qxe7 Kg8 34. gxh4 Qd7 35. Qxg5+ Qg7 36. Qxg7+ Kxg7 37. cxb4 axb4 38. Rd1 Kf6 39. Rd2 Ke7 40. Bg4 Ra8 41. Kg3 Bb7 42. Bf5 Rxa2 43. h5 Ra8 44. h6 Rh8 45. h7 Bc8 46. Bxc8 Rxc8 47. f4 Rh8 48. Rh2 Kf7 49. Rh6 exf4+ 50. Kxf4 Kg7 51. Rxd6 Kxh7 52. Rb6 Kg7 53. Rxb4 Rh1 54. Rb7+ Kf6 55. Rb6+ Ke7 56. Ke5 Rh5+ 57. Kd4 Rh1 58. Kd5 Rd1+ 59. Ke5 Rh1 60. Rb7+ Ke8 61. Kd5 Rh5+ 62. e5 Rh6 63. b4 Kd8 64. Rb5 Ke7 65. Rc5 Kd7 66. Kc4 Rb6 67. b5 Rh6 68. Kb4 Rh1 69. Ka5 Rh6 70. b6 Rh1 71. Ka6 Ra1+ 72. Kb7 Rb1 73. Ka7 Ra1+ 74. Kb8 Rb1 75. b7 Rb2 76. Rc1 Rb3 77. Rd1+ Ke7 78. Rd4 Ke8 79. Rd5 Ke7 80. Kc7 Rc3+ 81. Kb6 Rb3+ 82. Rb5 1-0

[Event "Hungarian Youth-ch I 2024"]
[Site "Szolnok"]
[Date "2024.04.04"]
[Round "6.16"]
[White "Minga-Nagy, Abel Inti"]
[Black "Papai, Mate"]
[Result "0-1"]
[ECO "B47"]
[WhiteElo "1929"]
[BlackElo "1887"]
[Annotator "RC"]
[PlyCount "110"]
[EventDate "2024.03.31"]
[EventType "swiss"]
[EventCountry "HUN"]
[SourceTitle "playchess.com"]
[Source "ChessBase"]
[SourceQuality "1"]
[TimeControl "5400+30"]

1. e4 c5 2. Nf3 e6 3. d4 cxd4 4. Nxd4 Nc6 5. Nc3 Qc7 6. g4 h6 7. Bg2 Nf6 8. Nxc6 dxc6 9. Qe2 e5 10. g5 hxg5 11. Bxg5 Be6 12. Rd1 Bc5 13. Be3 Bd4 14. Bxd4 exd4 15. Rxd4 Qe5 16. Qd2 Rxh2 17. f4 Rxh1+ 18. Bxh1 Qh5 19. Bg2 Qh2 20. Kf1 Nh5 21. e5 Bh3 22. Qf2 Qh1+ 23. Qg1 Bxg2+ 24. Kf2 Qxg1+ 25. Kxg1 Bd5 26. f5 O-O-O 27. Rg4 Re8 28. Nxd5 cxd5 29. Rg5 g6 30. fxg6 fxg6 31. Rxg6 Rxe5 32. Kf2 Nf4 33. Rg7 a5 34. Kf3 Ne6 35. Rg8+ Kc7 36. c3 b5 37. Ra8 a4 38. b3 axb3 39. axb3 b4 40. cxb4 Nd4+ 41. Kf4 Re4+ 42. Kg3 Nxb3 43. b5 d4 44. b6+ Kb7 45. Rd8 Kxb6 46. Rb8+ Kc5 47. Rxb3 Kc4 48. Rb8 d3 49. Kf3 Re7 50. Rc8+ Kb3 51. Kf2 d2 52. Rd8 Kc2 53. Rc8+ Kd1 54. Ra8 Rf7+ 55. Ke3 Ke1 0-1

[Event "Hungarian Youth-ch I 2024"]
[Site "Szolnok"]
[Date "2024.04.04"]
[Round "6.17"]
[White "Hegedus, Bernat"]
[Black "Liu, James Jiayu"]
[Result "1-0"]
[ECO "D35"]
[WhiteElo "1778"]
[BlackElo "1782"]
[Annotator "NA RC"]
[PlyCount "161"]
[EventDate "2024.03.31"]
[EventType "swiss"]
[EventCountry "HUN"]
[SourceTitle "playchess.com"]
[Source "ChessBase"]
[SourceQuality "1"]
[TimeControl "5400+30"]

1. d4 d5 2. c4 e6 3. Nc3 Nf6 4. cxd5 exd5 5. Bg5 Be7 6. e3 O-O 7. Bd3 Nbd7 8. Qc2 h6 9. Bh4 c6 10. f3 Re8 11. Nge2 Qc7 12. Bf2 Nb6 13. g4 Bxg4 14. fxg4 Nxg4 15. Bg3 Bd6 16. O-O-O Nxe3 17. Qd2 Nxd1 18. Rxd1 Re6 19. Bf5 Nc4 20. Qd3 Re3 21. Qc2 Rae8 22. Bd3 Rxe2 23. Nxe2 Ne3 24. Qd2 Nxd1 25. Qxd1 c5 26. dxc5 Qxc5+ 27. Kb1 Bxg3 28. hxg3 Qe3 29. Qc2 g5 30. a3 h5 31. Ka2 Re7 32. Qc8+ Re8 33. Qf5 h4 34. gxh4 gxh4 35. Qh7+ Kf8 36. Qh8+ Ke7 37. Qxh4+ Kd6 38. Bb5 Rc8 39. Qb4+ Rc5 40. Qa5 b6 41. Qb4 a5 42. Qa4 Qe4 43. Qb3 a4 44. Qg3+ Qe5 45. Qd3 f5 46. Nd4 Qe4 47. Qg3+ f4 48. Qg7 Rc7 49. Qf6+ Kc5 50. Ne6+ Kxb5 51. Nxc7+ Ka5 52. Qc6 Qc4+ 53. Qxc4 dxc4 54. Nd5 f3 55. Ne3 Kb5 56. Kb1 Kc5 57. Kc2 Kd4 58. Kd2 f2 59. Nf1 b5 60. Ng3 Kd5 61. Kc3 Ke5 62. Kb4 Kd4 63. Nf1 Kd3 64. Kxb5 c3 65. bxc3 Kxc3 66. Kxa4 Kc4 67. Nd2+ Kd3 68. Nf1 Kc4 69. Ka5 Kc5 70. Ka6 Kc6 71. a4 Kc5 72. Nd2 Kc6 73. a5 Kc7 74. Kb5 Kb7 75. a6+ Ka7 76. Ka5 Ka8 77. Kb6 Kb8 78. Nf1 Ka8 79. Ne3 Kb8 80. a7+ Ka8 81. Nd5 1-0

[Event "Hungarian Youth-ch I 2024"]
[Site "Szolnok"]
[Date "2024.04.04"]
[Round "6.18"]
[White "Botond, Laszlo"]
[Black "Nagy, Norbert"]
[Result "0-1"]
[ECO "B30"]
[WhiteElo "1831"]
[BlackElo "1629"]
[Annotator "NA RC"]
[PlyCount "68"]
[EventDate "2024.03.31"]
[EventType "swiss"]
[EventCountry "HUN"]
[SourceTitle "playchess.com"]
[Source "ChessBase"]
[SourceQuality "1"]
[TimeControl "5400+30"]

1. e4 c5 2. Nf3 Nc6 3. Bb5 e6 4. d4 cxd4 5. Nxd4 Nf6 6. Bxc6 bxc6 7. e5 Qa5+ 8. Nc3 Qxe5+ 9. Be3 Be7 10. O-O O-O 11. h3 Bb7 12. Nf3 Qc7 13. Bg5 h6 14. Bh4 d5 15. Bg3 Qb6 16. Qd3 Ba6 17. Qd2 Bxf1 18. Rxf1 Rad8 19. Bf4 Ne4 20. Qe2 Nxc3 21. bxc3 Qb2 22. Qd2 Bf6 23. Kh2 Bxc3 24. Qe2 Qxa2 25. g4 Qc4 26. Qxc4 dxc4 27. Rg1 g5 28. Bg3 f5 29. Kg2 f4 30. Bh2 e5 31. h4 e4 32. Ne1 e3 33. h5 exf2 34. Kxf2 Rd2+ 0-1

[Event "Hungarian Youth-ch I 2024"]
[Site "Szolnok"]
[Date "2024.04.04"]
[Round "6.19"]
[White "Fan, Xiaotong"]
[Black "Golya, David"]
[Result "0-1"]
[ECO "B76"]
[WhiteElo "1731"]
[BlackElo "1672"]
[Annotator "NA RC"]
[PlyCount "50"]
[EventDate "2024.03.31"]
[EventType "swiss"]
[EventCountry "HUN"]
[SourceTitle "playchess.com"]
[Source "ChessBase"]
[SourceQuality "1"]
[TimeControl "5400+30"]

1. e4 c5 2. Nf3 d6 3. d4 cxd4 4. Nxd4 Nf6 5. Nc3 g6 6. Be3 Bg7 7. f3 O-O 8. Qd2 Re8 9. Bc4 Nc6 10. O-O-O Bd7 11. h4 h5 12. Bh6 Bh8 13. Bb3 Nxe4 14. fxe4 Nxd4 15. Bxf7+ Kxf7 16. Rhf1+ Ke6 17. Qe3 d5 18. Bf4 Bf6 19. exd5+ Kf7 20. Rxd4 Bxd4 21. Be5+ Kg8 22. Qg5 Qb6 23. Bxd4 Qxd4 24. Qxg6+ Qg7 25. Qxh5 Rf8 0-1

[Event "Hungarian Youth-ch I 2024"]
[Site "Szolnok"]
[Date "2024.04.04"]
[Round "6.20"]
[White "Koncz, Botond"]
[Black "Cser, Matyas"]
[Result "0-1"]
[ECO "B01"]
[WhiteElo "1474"]
[BlackElo "1420"]
[Annotator "NA RC"]
[PlyCount "102"]
[EventDate "2024.03.31"]
[EventType "swiss"]
[EventCountry "HUN"]
[SourceTitle "playchess.com"]
[Source "ChessBase"]
[SourceQuality "1"]
[TimeControl "5400+30"]

1. e4 d5 2. exd5 c6 3. dxc6 Nxc6 4. Nf3 e5 5. d3 Bc5 6. Be2 Nf6 7. Bg5 O-O 8. Nbd2 h6 9. Bh4 Nd4 10. O-O Bg4 11. h3 Bh5 12. Bxf6 Nxf3+ 13. Bxf3 Bxf3 14. Nxf3 Qxf6 15. Re1 Rae8 16. Qe2 Bd6 17. Nd2 Qe6 18. Ne4 f5 19. Nd2 b5 20. d4 e4 21. Qxb5 g5 22. f3 e3 23. Qe2 Kg7 24. Nf1 f4 25. Qa6 Rf7 26. Qe2 Rfe7 27. a3 h5 28. Kh1 a5 29. Rac1 Qd5 30. Red1 Qa2 31. Rb1 Rc7 32. Re1 Rec8 33. c3 Qc4 34. g3 Qxe2 35. Rxe2 Kf6 36. g4 h4 37. Kg2 Rb8 38. b4 Rxc3 39. Reb2 axb4 40. axb4 Rc6 41. b5 Rcb6 42. Re2 Rxb5 43. Rxb5 Rxb5 44. Kg1 Rb3 45. Rc2 Ke6 46. Nh2 Kd5 47. Re2 Kxd4 48. Kf1 Bb4 49. Kg2 Bd2 50. Nf1 Rb2 51. Kg1 Kd3 0-1

[Event "Hungarian Youth-ch I 2024"]
[Site "Szolnok"]
[Date "2024.04.04"]
[Round "6.24"]
[White "Karacsonyi, Luca"]
[Black "Kovacs, Reka"]
[Result "0-1"]
[ECO "C55"]
[WhiteElo "1956"]
[BlackElo "1855"]
[Annotator "RC"]
[PlyCount "146"]
[EventDate "2024.03.31"]
[EventType "swiss"]
[EventCountry "HUN"]
[SourceTitle "playchess.com"]
[Source "ChessBase"]
[SourceQuality "1"]
[TimeControl "5400+30"]

1. e4 e5 2. Nf3 Nc6 3. Bc4 Nf6 4. d3 h6 5. c3 d6 6. Nbd2 g5 7. h3 Bg7 8. Nf1 d5 9. exd5 Nxd5 10. Ne3 Nxe3 11. Bxe3 Qd6 12. Nd2 Ne7 13. Ne4 Qc6 14. Qb3 Qg6 15. O-O-O O-O 16. h4 g4 17. f3 h5 18. fxg4 Bxg4 19. Rdf1 Nf5 20. Bc5 Bh6+ 21. Kb1 Rfb8 22. Be7 Bf4 23. g3 Nxe7 24. gxf4 b5 25. f5 Nxf5 26. Bxf7+ Qxf7 27. Nf6+ Kg7 28. Qxf7+ Kxf7 29. Nxg4 Ke6 30. Nxe5 Kxe5 31. Re1+ Kd6 32. Rhf1 Rf8 33. Rf4 Ng7 34. Rd4+ Kc6 35. Re7 Nf5 36. Re6+ Nd6 37. c4 bxc4 38. dxc4 a5 39. Rd5 Rf1+ 40. Kc2 Rf2+ 41. Kc3 Rf3+ 42. Kc2 Rf2+ 43. Kc3 Rf4 44. Rxh5 Rxc4+ 45. Kd3 Rc5 46. Rxc5+ Kxc5 47. h5 Rh8 48. Re5+ Kc6 49. Rxa5 Kd7 50. a4 Nb7 51. Rg5 Kc6 52. b4 Nd6 53. b5+ Kb6 54. Kd4 Ra8 55. Kd5 Rxa4 56. h6 Rh4 57. Rg6 Kxb5 58. Rf6 Ne8 59. Re6 Nd6 60. Rf6 Rh5+ 61. Ke6 Kc6 62. Ke7 Kd5 63. Kf8 Ke5 64. Rg6 Kf5 65. Kg7 Ne8+ 66. Kf7 Nd6+ 67. Kg7 Ke5 68. Kf8 Nf5 69. Rc6 Rxh6 70. Rc5+ Kf6 71. Ke8 Rh7 72. Rc6+ Nd6+ 73. Kd8 Ke6 0-1

[Event "Hungarian Youth-ch I 2024"]
[Site "Szolnok"]
[Date "2024.04.04"]
[Round "6.25"]
[White "Bende, Eniko Tunde"]
[Black "Beznicza, Mira"]
[Result "0-1"]
[ECO "C02"]
[WhiteElo "1650"]
[BlackElo "1801"]
[Annotator "NA RC"]
[PlyCount "84"]
[EventDate "2024.03.31"]
[EventType "swiss"]
[EventCountry "HUN"]
[SourceTitle "playchess.com"]
[Source "ChessBase"]
[SourceQuality "1"]
[TimeControl "5400+30"]

1. e4 e6 2. d4 d5 3. e5 c5 4. c3 Nc6 5. Nf3 Qb6 6. a3 Nh6 7. b4 cxd4 8. cxd4 Nf5 9. Bb2 a6 10. Be2 Be7 11. O-O O-O 12. Qd3 Bd7 13. Nbd2 Na7 14. Nb3 Rac8 15. Rac1 f6 16. Qd2 Nc6 17. Nc5 Rc7 18. Rfe1 fxe5 19. dxe5 h6 20. Bd3 Bc8 21. Rf1 Bd8 22. Qc2 Qa7 23. g4 Nh4 24. Nxh4 Bxh4 25. Bh7+ Kh8 26. Qg6 Ne7 27. Qb1 b6 28. Nb3 Rxc1 29. Bxc1 Qc7 30. f4 Bd7 31. Rf3 Nc8 32. Rh3 Bd8 33. g5 Bxg5 34. fxg5 Qc4 35. Bd3 Qg4+ 36. Rg3 Qd1+ 37. Kg2 Ba4 38. gxh6 g6 39. Nd2 d4 40. h7 Bc6+ 41. Ne4 Bxe4+ 42. Kh3 Qh5# 0-1

[Event "Hungarian Youth-ch I 2024"]
[Site "Szolnok"]
[Date "2024.04.04"]
[Round "6.26"]
[White "Szarvas, Nora"]
[Black "Toth, Timea"]
[Result "1-0"]
[ECO "B28"]
[WhiteElo "1955"]
[BlackElo "1978"]
[Annotator "RC"]
[PlyCount "107"]
[EventDate "2024.03.31"]
[EventType "swiss"]
[EventCountry "HUN"]
[SourceTitle "playchess.com"]
[Source "ChessBase"]
[SourceQuality "1"]
[TimeControl "5400+30"]

1. e4 c5 2. Nf3 a6 3. d4 cxd4 4. Nxd4 Nf6 5. Nc3 e5 6. Nb3 Bb4 7. Qf3 d5 8. exd5 Qxd5 9. Qxd5 Nxd5 10. Bd2 Nxc3 11. bxc3 Be7 12. Bd3 Nc6 13. O-O-O Be6 14. Rhe1 O-O 15. Be4 Rac8 16. Bxc6 Rxc6 17. Rxe5 Bf6 18. Re3 Rfc8 19. Kb2 Rd8 20. Rd3 Rdc8 21. Be1 h6 22. h3 Bf5 23. Re3 Bg6 24. g4 Bg5 25. Re2 Bf6 26. Nd4 Rb6+ 27. Kc1 Bg5+ 28. Bd2 Rxc3 29. f4 Rc4 30. Re8+ Kh7 31. Be3 f5 32. Rb8 Be7 33. gxf5 Ba3+ 34. Kd2 Bh5 35. Rg1 Bb4+ 36. Kd3 Rc3+ 37. Ke4 Bc5 38. Rc8 Bxd4 39. Rxc3 Bxe3 40. Kxe3 Rf6 41. Rc7 Bf7 42. Rxb7 Rxf5 43. Ke4 Rf6 44. f5 Kh8 45. Rd1 g6 46. fxg6 Bxg6+ 47. Ke5 Rf8 48. c4 Rc8 49. Rd6 Bh7 50. Rxh6 Re8+ 51. Kd6 Rd8+ 52. Rd7 Rxd7+ 53. Kxd7 Kg7 54. Rxh7+ 1-0

[Event "Hungarian Youth-ch I 2024"]
[Site "Szolnok"]
[Date "2024.04.04"]
[Round "6.27"]
[White "Nandin-Erdene, Davaademberel"]
[Black "Balazs, Sztella Anna"]
[Result "1-0"]
[ECO "A05"]
[WhiteElo "1978"]
[BlackElo "1805"]
[Annotator "RC"]
[PlyCount "109"]
[EventDate "2024.03.31"]
[EventType "swiss"]
[EventCountry "HUN"]
[SourceTitle "playchess.com"]
[Source "ChessBase"]
[SourceQuality "1"]
[TimeControl "5400+30"]

1. Nf3 Nf6 2. g3 e6 3. Bg2 d5 4. O-O Be7 5. d3 c5 6. Nbd2 Nc6 7. e4 Qc7 8. Re1 b6 9. Nf1 d4 10. e5 Nd7 11. Bf4 h6 12. h4 Bb7 13. N1h2 O-O-O 14. Qe2 Rdg8 15. h5 g5 16. hxg6 fxg6 17. Bh3 g5 18. Bc1 Rg6 19. c3 Kb8 20. cxd4 Nxd4 21. Nxd4 cxd4 22. Bg2 Nc5 23. Bxb7 Qxb7 24. Bd2 Rg7 25. b4 Na6 26. Rab1 Qd5 27. a4 Ka8 28. Qe4 Rd8 29. Nf3 Kb8 30. Qxd5 Rxd5 31. Re4 Bd8 32. Nxd4 Rgd7 33. Be3 Bc7 34. Nxe6 Rxd3 35. b5 Rd1+ 36. Rxd1 Rxd1+ 37. Kg2 Nc5 38. Bxc5 bxc5 39. Nxc5 Bb6 40. Na6+ Kc8 41. e6 Kd8 42. f4 g4 43. Re2 Rg1+ 44. Kh2 Rf1 45. Nb4 Rd1 46. Nc6+ Ke8 47. a5 Bc5 48. e7 Rb1 49. Rd2 Kf7 50. Re2 Ke8 51. Rc2 Rxb5 52. f5 Be3 53. f6 Bg5 54. Rf2 Kf7 55. Nd8+ 1-0

[Event "Hungarian Youth-ch I 2024"]
[Site "Szolnok"]
[Date "2024.04.04"]
[Round "7"]
[White "Panda, Barnabas"]
[Black "Puskas, Mihaly"]
[Result "1-0"]
[ECO "A13"]
[WhiteElo "2066"]
[BlackElo "1978"]
[Annotator "RC"]
[PlyCount "63"]
[EventDate "2024.03.31"]
[EventType "swiss"]
[EventCountry "HUN"]
[SourceTitle "playchess.com"]
[Source "ChessBase"]
[SourceQuality "1"]
[TimeControl "5400+30"]

1. c4 e6 2. g3 d5 3. Nf3 Nf6 4. b3 c5 5. Bg2 Nc6 6. O-O b6 7. cxd5 exd5 8. d4 Bb7 9. Nc3 Be7 10. Ba3 O-O 11. Rc1 Re8 12. Re1 Nb4 13. dxc5 Bxc5 14. Na4 Ne4 15. Nxc5 bxc5 16. Nd2 Qa5 17. Bxb4 Qxb4 18. Nxe4 dxe4 19. Rc4 Qb6 20. Qc2 Rac8 21. Bxe4 Ba6 22. Bxh7+ Kf8 23. Rf4 Rc6 24. Bd3 Bc8 25. Rc1 Bd7 26. Bf5 Bxf5 27. Qxf5 Rc7 28. e3 Kg8 29. Rfc4 Rec8 30. Qd5 a5 31. Qe5 Qb5 32. Rg4 1-0

[Event "Hungarian Youth-ch I 2024"]
[Site "Szolnok"]
[Date "2024.04.05"]
[Round "7.1"]
[White "Kocsmar, Akos"]
[Black "Gathi, Donat"]
[Result "1/2-1/2"]
[ECO "A05"]
[WhiteElo "2029"]
[BlackElo "2192"]
[Annotator "RC"]
[PlyCount "29"]
[EventDate "2024.03.31"]
[EventType "swiss"]
[EventCountry "HUN"]
[SourceTitle "playchess.com"]
[Source "ChessBase"]
[SourceQuality "1"]
[TimeControl "5400+30"]

1. Nf3 Nf6 2. c4 g6 3. Nc3 Bg7 4. e4 e5 5. Nxe5 Nxe4 6. Nxe4 Bxe5 7. d4 Bg7 8. Bg5 f6 9. Be3 O-O 10. Nc3 d6 11. Qd2 Nc6 12. O-O-O Ne7 13. Bh6 d5 14. Bxg7 Kxg7 15. h4 1/2-1/2

[Event "Hungarian Youth-ch I 2024"]
[Site "Szolnok"]
[Date "2024.04.05"]
[Round "7.2"]
[White "Borzsei, Andras"]
[Black "Szikszai, Bertalan"]
[Result "0-1"]
[ECO "D35"]
[WhiteElo "2126"]
[BlackElo "2312"]
[Annotator "RC"]
[PlyCount "60"]
[EventDate "2024.03.31"]
[EventType "swiss"]
[EventCountry "HUN"]
[SourceTitle "playchess.com"]
[Source "ChessBase"]
[SourceQuality "1"]
[TimeControl "5400+30"]

1. d4 Nf6 2. c4 e6 3. Nc3 d5 4. cxd5 exd5 5. Bg5 Be7 6. e3 h6 7. Bh4 Bg4 8. Qc2 O-O 9. Bd3 Nbd7 10. h3 Be6 11. Nge2 Rc8 12. O-O Re8 13. Nf4 Nf8 14. Bxf6 Bxf6 15. b4 c6 16. Na4 b6 17. Rab1 Bd7 18. Rfc1 Bg5 19. Ba6 Bxf4 20. Bxc8 Qxc8 21. exf4 Bf5 22. Qd2 Bxb1 23. Rxb1 Qf5 24. Rc1 Ng6 25. Rxc6 Nxf4 26. Qc2 Qg5 27. g3 Nxh3+ 28. Kh2 Nxf2 29. Qxf2 Qh5+ 30. Kg1 Qd1+ 0-1

[Event "Hungarian Youth-ch I 2024"]
[Site "Szolnok"]
[Date "2024.04.05"]
[Round "7.3"]
[White "Frank, Balint"]
[Black "Fule, Simon"]
[Result "0-1"]
[ECO "E62"]
[WhiteElo "1939"]
[BlackElo "2262"]
[Annotator "RC"]
[PlyCount "54"]
[EventDate "2024.03.31"]
[EventType "swiss"]
[EventCountry "HUN"]
[SourceTitle "playchess.com"]
[Source "ChessBase"]
[SourceQuality "1"]
[TimeControl "5400+30"]

1. d4 Nf6 2. c4 g6 3. g3 Bg7 4. Bg2 O-O 5. Nc3 d6 6. Nf3 Nc6 7. O-O e5 8. dxe5 dxe5 9. Bg5 Be6 10. Nd2 Qb8 11. Qa4 Nd7 12. Bxc6 bxc6 13. Qxc6 Qxb2 14. Nd5 e4 15. Rab1 Qxa2 16. Rb7 Ne5 17. Qc5 Bxd5 18. cxd5 h6 19. Be3 Rfd8 20. Qxc7 Qxd5 21. Rxa7 Rxa7 22. Qxa7 Ng4 23. Rd1 Nxe3 24. Qxe3 Qa2 25. Kf1 Qc2 26. Ke1 Rxd2 27. Rxd2 Qc1+ 0-1

[Event "Hungarian Youth-ch I 2024"]
[Site "Szolnok"]
[Date "2024.04.05"]
[Round "7.4"]
[White "Bekesi, Aron"]
[Black "Jankovics, Emod"]
[Result "1/2-1/2"]
[ECO "B35"]
[WhiteElo "1783"]
[BlackElo "1699"]
[Annotator "NA RC"]
[PlyCount "45"]
[EventDate "2024.03.31"]
[EventType "swiss"]
[EventCountry "HUN"]
[SourceTitle "playchess.com"]
[Source "ChessBase"]
[SourceQuality "1"]
[TimeControl "5400+30"]

1. e4 c5 2. Nf3 Nc6 3. d4 cxd4 4. Nxd4 g6 5. Nc3 Bg7 6. Be3 Nf6 7. Bc4 Qa5 8. O-O Qb4 9. Nxc6 dxc6 10. Bb3 Nxe4 11. Nxe4 Qxe4 12. Re1 Qf5 13. Bd4 e5 14. Bc5 Be6 15. Qd6 Bf8 16. Qxe5 Qxe5 17. Rxe5 Bxc5 18. Rxc5 Bxb3 19. axb3 f6 20. f4 Kf7 21. Kf2 Rhe8 22. Rd1 Rad8 23. Rxd8 1/2-1/2

[Event "Hungarian Youth-ch I 2024"]
[Site "Szolnok"]
[Date "2024.04.05"]
[Round "7.5"]
[White "Barna, Peter"]
[Black "Gulacsi, Donat Ferenc"]
[Result "0-1"]
[ECO "B12"]
[WhiteElo "1702"]
[BlackElo "1912"]
[Annotator "RC"]
[PlyCount "76"]
[EventDate "2024.03.31"]
[EventType "swiss"]
[EventCountry "HUN"]
[SourceTitle "playchess.com"]
[Source "ChessBase"]
[SourceQuality "1"]
[TimeControl "5400+30"]

1. e4 c6 2. d4 d5 3. e5 Bf5 4. h4 h6 5. g4 Be4 6. f3 Bh7 7. e6 fxe6 8. Bd3 g6 9. h5 g5 10. Bxh7 Rxh7 11. Qd3 Rf7 12. Qg6 Bg7 13. Nh3 Nd7 14. Qxe6 Bxd4 15. c3 Be5 16. Kd1 Qc7 17. Re1 Bf6 18. f4 Nf8 19. Qe3 d4 20. Qe4 dxc3 21. Nxc3 O-O-O+ 22. Kc2 Rd4 23. Qf5+ e6 24. Qc5 Nd7 25. Qxa7 Nb6 26. Rxe6 Re7 27. Rxe7 Nxe7 28. Be3 Rb4 29. Bxb6 Rxb6 30. Qa8+ Kd7 31. Rd1+ Nd5 32. Na4 Rb4 33. Nc5+ Kd6 34. Nb3 Qe7 35. Qb8+ Kd7 36. fxg5 Qe2+ 37. Rd2 Rc4+ 38. Kb1 Qe1+ 0-1

[Event "Hungarian Youth-ch I 2024"]
[Site "Szolnok"]
[Date "2024.04.05"]
[Round "7.6"]
[White "Csernyik, Mark"]
[Black "Turcsanyi, Vince Gergo"]
[Result "1/2-1/2"]
[ECO "B13"]
[WhiteElo "2016"]
[BlackElo "2247"]
[Annotator "RC"]
[PlyCount "89"]
[EventDate "2024.03.31"]
[EventType "swiss"]
[EventCountry "HUN"]
[SourceTitle "playchess.com"]
[Source "ChessBase"]
[SourceQuality "1"]
[TimeControl "5400+30"]

1. e4 c6 2. d4 d5 3. exd5 cxd5 4. Nf3 Nc6 5. Bb5 Bd7 6. O-O a6 7. Bd3 Bg4 8. c3 e6 9. h3 Bh5 10. Nbd2 Bd6 11. Re1 Nf6 12. Qc2 O-O 13. Ne5 Rc8 14. Nxc6 Rxc6 15. Nf1 b5 16. a3 Bg6 17. Bg5 a5 18. Bxg6 hxg6 19. Ne3 Qb6 20. Bxf6 gxf6 21. Qd2 Kg7 22. g3 b4 23. axb4 axb4 24. h4 f5 25. h5 bxc3 26. bxc3 Qc7 27. hxg6 fxg6 28. Ng2 Re8 29. Rac1 Be7 30. Qd3 Bg5 31. f4 Bf6 32. Rc2 Rc8 33. Rec1 Be7 34. Ne3 Ba3 35. Ra1 Bb4 36. cxb4 Rxc2 37. Qxc2 Qxc2 38. Nxc2 Rxc2 39. Rb1 Kf7 40. b5 Rc7 41. Kf2 Ke7 42. Ke3 Kd7 43. Kd3 Kc8 44. Re1 Kd7 45. Rb1 1/2-1/2

[Event "Hungarian Youth-ch I 2024"]
[Site "Szolnok"]
[Date "2024.04.05"]
[Round "7.7"]
[White "Herczeg, Marcell"]
[Black "Kolimar, Kristof Pal"]
[Result "0-1"]
[ECO "B90"]
[WhiteElo "2107"]
[BlackElo "2282"]
[Annotator "RC"]
[PlyCount "92"]
[EventDate "2024.03.31"]
[EventType "swiss"]
[EventCountry "HUN"]
[SourceTitle "playchess.com"]
[Source "ChessBase"]
[SourceQuality "1"]
[TimeControl "5400+30"]

1. e4 c5 2. Nf3 d6 3. d4 cxd4 4. Nxd4 Nf6 5. Nc3 a6 6. h3 e6 7. g4 Nfd7 8. h4 b5 9. a3 Bb7 10. Be3 Be7 11. Qd2 Nc6 12. g5 O-O 13. Rg1 Nc5 14. f3 Rb8 15. h5 b4 16. axb4 Nxb4 17. g6 Bh4+ 18. Kd1 Bf6 19. Bh3 Qe7 20. Nce2 Nc6 21. gxf7+ Rxf7 22. b4 Nxd4 23. Nxd4 Bxd4 24. Bxd4 e5 25. bxc5 exd4 26. Bf5 dxc5 27. Qh6 Rxf5 28. exf5 Bxf3+ 29. Kc1 Qb7 30. Qe6+ Kh8 31. Qc4 Qc7 32. Qd3 Bxh5 33. Rxa6 Qf4+ 34. Qd2 Qxf5 35. Ra7 Bg6 36. Ra6 Re8 37. Qh2 Kg8 38. Rd6 Qf3 39. Ra6 Qe3+ 40. Kb1 d3 41. Kb2 Qd4+ 42. Kc1 d2+ 43. Kd1 Bh5+ 44. Qxh5 Qxg1+ 45. Kxd2 Qe3+ 46. Kd1 Qe1# 0-1

[Event "Hungarian Youth-ch I 2024"]
[Site "Szolnok"]
[Date "2024.04.05"]
[Round "7.8"]
[White "Szegedy, Matyas"]
[Black "Panda, Barnabas"]
[Result "1/2-1/2"]
[ECO "B41"]
[WhiteElo "2177"]
[BlackElo "2066"]
[Annotator "RC"]
[PlyCount "80"]
[EventDate "2024.03.31"]
[EventType "swiss"]
[EventCountry "HUN"]
[SourceTitle "playchess.com"]
[Source "ChessBase"]
[SourceQuality "1"]
[TimeControl "5400+30"]

1. e4 c5 2. Nf3 e6 3. d4 cxd4 4. Nxd4 a6 5. c4 Nf6 6. Nc3 Bb4 7. Qd3 d5 8. exd5 exd5 9. Be2 O-O 10. O-O Nc6 11. Nxc6 bxc6 12. cxd5 cxd5 13. Rd1 Be6 14. Be3 Qe7 15. Bd4 Rfd8 16. Bf3 Bc5 17. Na4 Bxd4 18. Qxd4 Rab8 19. Nc5 Qd6 20. Rac1 Bf5 21. b4 Qb6 22. Qe5 Bg4 23. Bxg4 Nxg4 24. Qf5 Nf6 25. h3 a5 26. a3 axb4 27. axb4 Ra8 28. Rd4 h6 29. Qd3 Ra2 30. Rd1 Re8 31. Rf4 Qd6 32. Qf5 Rae2 33. g3 Re1+ 34. Rxe1 Rxe1+ 35. Kg2 d4 36. Qd3 Qd5+ 37. Qf3 Qc4 38. Qd3 Qxb4 39. Qxd4 Qxd4 40. Rxd4 h5 1/2-1/2